 Seeded DCSS version 0.32-a0-607-g64ea0e4219 (webtiles) character file.

Game seed: 9721545836531145324 (custom seed)

738 timneilson the Shield-Bearer (level 7, 0/44 HPs)
             Began as a Gargoyle Fighter on Mar 3, 2024.
             Incinerated by a bombardier beetle (3 damage)
             ... with a burning spray
             ... on level 4 of the Dungeon.
             The game lasted 00:07:24 (3137 turns).

timneilson the Shield-Bearer (Gargoyle Fighter)     Turns: 3137, Time: 00:07:25

Health: 0/44       AC: 20    Str: 22    XL:     7   Next: 75%
Magic:  0/7        EV:  8    Int:  8    God:
Gold:   252        SH:  4    Dex:  9    Spells: 6/6 levels left

rFire   . . .        a - +0 long sword
rCold   . . .        c - +0 buckler
rNeg    + . .        h - +0 chain mail
rPois   ∞            k - +1 helmet
rElec   +            b - +1 cloak
rCorr   .            (no gloves)
SInv    .            l - +0 pair of boots
Will    .....        i - amulet of guardian spirit Stlth
                     (no ring)
HPRegen 0.27/turn    (no ring)
MPRegen 0.10/turn

%: guardian spirit
@: on fire, glowing
A: sickness immunity, AC +4, negative energy resistance 1, electricity
resistance, torment resistance 1, petrification resistance
a: no special abilities


You were on level 4 of the Dungeon.
You visited 1 branch of the dungeon, and saw 4 of its levels.

You collected 252 gold pieces.

Inventory:

Hand Weapons
 a - a +0 long sword (weapon)
Missiles
 o - 13 poisoned darts (quivered)
Armour
 b - a +1 cloak (worn)
 c - a +0 buckler (worn)
 h - a +0 chain mail (worn)
 k - a +1 helmet (worn)
 l - a +0 pair of boots (worn)
Jewellery
 i - an amulet of guardian spirit (around neck)
Wands
 d - a wand of flame (22)
Scrolls
 f - a scroll of fog
 j - 2 scrolls of teleportation
 m - 3 scrolls of identify
Potions
 g - a potion of resistance
 n - a potion of invisibility


   Skills:
 * Level 5.2 Fighting
 * Level 3.8 Long Blades
 * Level 5.4 Armour
 + Level 2.1 Dodging
 * Level 5.4 Shields


You had 6 spell levels left.
You didn't know any spells.
Your spell library contained the following spells:

 Spells                   Type           Power      Damage    Failure   Level
 Vhi's Electric Charge    Tloc/Air       0%         N/A       100%        4
 Arcjolt                  Conj/Air       0%         1d10      100%        5
 Plasma Beam              Fire/Air       0%         2x1d10    100%        6


Dungeon Overview and Level Annotations

Branches:
Dungeon (4/15)
 Temple: D:4-7

Altars:
Cheibriados
Okawaru

Shops:
D:2 ?   D:3 ([:*

Annotations:
D:2 1 runed translucent door, Crazy Yiuf
D:3 2 transporters


Innate Abilities, Weirdness & Mutations

You are immune to sickness and miasma.
Your stone body is resilient. (AC +4)
You are immune to poison.
You resist negative energy. (rN+)
You are resistant to electric shocks. (rElec)
You are resistant to unholy torment.
You are immune to petrification.


Message History

You closely miss the bombardier beetle.
The bombardier beetle is lightly wounded.
The liquid fire burns you!
The bombardier beetle sprays incendiary fluid at you.
The burning spray hits you.
You are even more covered in liquid fire!
You barely miss the bombardier beetle.
The bombardier beetle is lightly wounded.
The liquid fire burns you!
The bombardier beetle barely misses you.
You barely miss the bombardier beetle.
The bombardier beetle is lightly wounded.
The liquid fire burns you!
The bombardier beetle bites you but does no damage.
You barely miss the bombardier beetle.
The bombardier beetle is lightly wounded.
The liquid fire burns you!
You barely miss the bombardier beetle.
The bombardier beetle is lightly wounded.
The liquid fire burns you!
The bombardier beetle barely misses you.
You barely miss the bombardier beetle.
The bombardier beetle is lightly wounded.
The liquid fire burns you!
* * * LOW HITPOINT WARNING * * *
The bombardier beetle closely misses you.
You hit the bombardier beetle.
The bombardier beetle is lightly wounded.
The liquid fire burns you!
* * * LOW HITPOINT WARNING * * *
The bombardier beetle sprays incendiary fluid at you.
The burning spray misses you.
You hit the bombardier beetle.
The bombardier beetle is heavily wounded.
The liquid fire burns you!
* * * LOW HITPOINT WARNING * * *
You barely miss the bombardier beetle.
The bombardier beetle is heavily wounded.
The liquid fire burns you!
You die...

#...........
#......#...........
####......#...........
.........#####.......
.................... ..
.....#...........###
...###...#..............
............####........
......B@....# #....[...
............# #........
............####........
............†..'........
###.........####...#....
#.........# #...#....
#.........# #####....
#.........# #.###
########### #.# #


You could see a bombardier beetle.

Vanquished Creatures
  Grinder (D:4)
  Sigmund (D:3)
  A scorpion (D:3)
  A hound (D:4)
  Terence (D:2)
  An orc wizard (D:3)
  Natasha (thrice) (D:2)
  Robin (D:2)
  3 gnolls (D:4)
  5 adders
  2 dart slugs (D:1)
  2 ribbon worms
  10 orcs
  A bat (D:3)
  3 endoplasms
  3 giant cockroaches
  16 goblins
  4 hobgoblins
  10 jackals
  4 kobolds
  3 quokkas
  3 ball pythons
  3 frilled lizards
  6 rats
88 creatures vanquished.

Vanquished Creatures (others)
  A goblin (D:2)
1 creature vanquished.

Grand Total: 89 creatures vanquished

Notes
Turn   | Place    | Note
-------+----------+-------------------------------------------
     0 | D:1      | timneilson the Gargoyle Fighter began the quest for the
                  | Orb.
     0 | D:1      | Reached XP level 1. HP: 14/14 MP: 1/1
    18 | D:1      | Reached XP level 2. HP: 12/19 MP: 2/2
   389 | D:1      | Reached XP level 3. HP: 23/23 MP: 3/3
   768 | D:2      | Noticed Terence
   782 | D:2      | Killed Terence
   783 | D:2      | Reached XP level 4. HP: 21/29 MP: 4/4
  1000 | D:2      | Noticed Robin
  1014 | D:2      | Reached skill level 1 in Dodging
  1025 | D:2      | Killed Robin
  1082 | D:2      | Found a runed translucent door.
  1083 | D:2      | Noticed Crazy Yiuf
  1161 | D:2      | Noticed Natasha
  1167 | D:2      | Killed Natasha
  1168 | D:2      | Reached XP level 5. HP: 32/33 MP: 5/5
  1278 | D:2      | Noticed Natasha
  1308 | D:2      | HP: 1/33 [Natasha/magic dart (7)]
  1310 | D:2      | Killed Natasha
  1355 | D:2      | Noticed Natasha
  1369 | D:2      | Killed Natasha
  1628 | D:2      | Found Naes's Magic Scroll Emporium.
  1790 | D:3      | Reached XP level 6. HP: 39/39 MP: 6/6
  1802 | D:3      | Found a snail-covered altar of Cheibriados.
  1831 | D:3      | Found a transporter.
  1839 | D:3      | Found a transporter.
  1864 | D:3      | Found an iron altar of Okawaru.
  1890 | D:3      | Found Lubiga's Weapon Shoppe.
  1890 | D:3      | Noticed a +0 giant club
  1890 | D:3      | Noticed Sigmund
  1893 | D:3      | Noticed a +0 demon trident
  1916 | D:3      | Killed Sigmund
  1937 | D:3      | Found Soicled's Book Emporium.
  2193 | D:3      | Found Biozxy's General Store.
  2227 | D:3      | Reached XP level 7. HP: 35/44 MP: 7/7
  2299 | D:3      | Found Ziudaew's Antique Armour Shop.
  2364 | D:3      | Found Atoit's Antique Weapon Shoppe.
  2735 | D:4      | Reached skill level 5 in Shields
  2766 | D:4      | Reached skill level 5 in Armour
  2840 | D:4      | Noticed Grinder
  2851 | D:4      | Paralysed by Grinder for 5 turns
  2857 | D:4      | Killed Grinder
  2858 | D:4      | Reached skill level 5 in Fighting
  3136 | D:4      | HP: 2/44 [burnt (4)]
  3137 | D:4      | Incinerated by a bombardier beetle

Illustrated notes

Levels and vault maps discovered:
D:1:      minmay_arrival_nine_rooms, layout_basic
D:2:      layout_basic, serial_shops, nicolae_shop_rolled_up,
          serial_bayou_pond_d, uniq_crazy_yiuf_cottage, uniq_robin,
          uniq_terence, uniq_natasha
D:3:      gammafunk_wand_slinger, layout_loops_cross, okawaru_ov_weapons_minmay,
          cheibriados_altar_1, serial_shops, shop, shop_coins,
          nicolae_shop_pleasant_corner_grove, shop, nicolae_shop_mannequins,
          minmay_quantized, uniq_sigmund
D:4:      layout_basic, st_stairs_14, uniq_grinder, uniq_eustachio

Skill      XL: |  1  2  3  4  5  6  7 |
---------------+----------------------+-----
Long Blades    | 2 3 |  3.8
Dodging        | 1 2 |  2.1
Armour         | 4 5 |  5.4
Shields        | 4 5 |  5.4
Fighting       | 4 5 |  5.2

Action                     |  1- 3 |  4- 6 |  7- 9 || total
---------------------------+-------+-------+-------++-------
  Melee: Long sword        |    97 |   191 |   143 ||   431
    Use: Scroll            |     3 |     3 |     2 ||     8
         Potion            |       |     3 |     1 ||     4
   Stab: Invisible         |       |     3 |       ||     3
 Armour: Scale mail        |    77 |       |       ||    77
         Chain mail        |     8 |   170 |    99 ||   277
  Dodge: Dodged            |    63 |    96 |    61 ||   220
  Block: Buckler           |    28 |    48 |    35 ||   111

Table legend: (Time is in decaauts)
 A = Elapsed time spent in this place.
 B = Non-inter-level travel time spent in this place.
 C = Inter-level travel time spent in this place.
 D = Time resting spent in this place.
 E = Time spent auto-exploring this place.
 F = Levels seen in this place.
 G = Mean time per level.
                   A        B        C        D        E       F      G
               +--------+--------+--------+--------+--------+-----+--------+
         Total |   3312 |   3257 |     55 |     29 |   2187 |   4 |  828.0 |
       Dungeon |   3312 |   3257 |     55 |     29 |   2187 |   4 |  828.0 |
               +--------+--------+--------+--------+--------+-----+--------+

Top non-repeatable levels by time:
     D:2: 1166 daAuts
     D:3: 968 daAuts
     D:1: 678 daAuts
     D:4: 499 daAuts
